[Event "Early-Titled-Tuesday-Blitz-March-12-2024"]
[Site "Chess.com"]
[Date "2024.03.12"]
[Round "8"]
[White "Oleksandr_Bortnyk"]
[Black "GMKrikor"]
[Result "1-0"]
[WhiteElo "3007"]
[BlackElo "2873"]
[TimeControl "180+1"]
[EndTime "9:25:17 PDT"]
[Termination "Oleksandr_Bortnyk won by resignation"]

1. e4 c5 2. c3 d5 3. exd5 Qxd5 4. d4 g6 5. Be3 cxd4 6. cxd4 Bg7 7. Nf3 Nf6 8. Nc3 Qa5 9. h3 O-O 10. Bc4 Nbd7 11. O-O Nb6 12. Bb3 Nbd5 13. Bd2 Qd8 14. Re1 b6 15. Bg5 Bb7 16. Ne5 Nxc3 17. bxc3 Ne4 18.
Nxf7 Rxf7 19. Bxf7+ Kxf7 20. Qf3+ Bf6 21. Bxf6 exf6 22.
Rxe4 f5 23. Rae1 Bxe4 24. Rxe4 Rc8 25. g4 Rxc3 26. Qxc3 fxe4 27. Qc4+ Kf6 28. Qc6+ Kf7 29. Qxe4 Qd6 30. d5 b5 31. Qf3+ Ke7 32. Qe3+ Kf6 33. Qd4+ Kg5 34. f4+ Kh4 35. Kg2 1-0

[Event "Early-Titled-Tuesday-Blitz-March-12-2024"]
[Site "Chess.com"]
[Date "2024.03.12"]
[Round "8"]
[White "matagordo"]
[Black "jaskol95"]
[Result "1-0"]
[WhiteElo "2295"]
[BlackElo "2559"]
[TimeControl "180+1"]
[EndTime "9:25:17 PDT"]
[Termination "matagordo won by checkmate"]

1. d4 e6 2. Bf4 f5 3. e3 Nf6 4.
Nf3 Be7 5. Nbd2 O-O 6. Bd3 d6 7. c3 Qe8 8. Qb3 Kh8 9. O-O-O a5 10. h3 a4 11. Qc2 b5 12. g4 Bb7 13. gxf5 b4 14.
cxb4 Nd5 15. a3 Nxf4 16. exf4 exf5 17. Rhg1 Qf7 18. Ng5 Bxg5 19. Rxg5 Nc6 20. Rxf5 Qa2 21. Rh5 h6 22. Bc4 Qa1+ 23. Nb1 Rxf4 24. Qg6 d5 25. Rxh6+ gxh6 26. Qxh6+ Kg8 27. Bxd5+ Rf7 28. Rg1# 1-0

[Event "Early-Titled-Tuesday-Blitz-March-12-2024"]
[Site "Chess.com"]
[Date "2024.03.12"]
[Round "8"]
[White "Hamisandwich"]
[Black "LiadCuba"]
[Result "0-1"]
[WhiteElo "2703"]
[BlackElo "2541"]
[TimeControl "180+1"]
[EndTime "9:25:21 PDT"]
[Termination "LiadCuba won by checkmate"]

1. c4 Nf6 2. g3 e6 3. Bg2 d5 4. Nf3 c5 5. cxd5 exd5 6. d4 Nc6 7. O-O a6 8. a3 Be6 9. Bg5 h6 10. Bf4 Rc8 11. Nc3 c4 12. Ne5 Bd6 13. Nxc6 bxc6 14.
Qa4 Bxf4 15. gxf4 Qb6 16. Rab1 O-O 17. e3 Bf5 18. Rbc1 Qxb2 19. Qxa6 Bd3 20. Rfe1 Ng4 21.
Qa5 Qxf2+ 22. Kh1 Nxe3 23. Rg1 Qxf4 24. Na4 Ng4 25. h3 Nf2# 0-1

[Event "Early-Titled-Tuesday-Blitz-March-12-2024"]
[Site "Chess.com"]
[Date "2024.03.12"]
[Round "8"]
[White "Veleamater"]
[Black "secrethawk1"]
[Result "1-0"]
[WhiteElo "2322"]
[BlackElo "2456"]
[TimeControl "180+1"]
[EndTime "9:25:23 PDT"]
[Termination "Veleamater won by checkmate"]

1. g3 Nf6 2. Bg2 d5 3. d3 Bf5 4. Nf3 e6 5. O-O Be7 6. Nc3 O-O 7. h3 c6 8. Ne5 Nbd7 9. Nxd7 Qxd7 10. e4 Bg6 11. f4 h6 12. g4 b5 13. f5 exf5 14. exf5 Bh7 15. Ne2 Rfe8 16. Ng3 Bd6 17. Qf3 Re7 18.
h4 Qc7 19. g5 hxg5 20. hxg5 Bxg3 21. gxf6 gxf6 22. Bh6 Kh8 23. Qg4 Rg8 24. Qh5 Be5 25. c3 d4 26. Rf3 dxc3 27. bxc3 Bxc3 28. Raf1 Re2 29. R1f2 Re1+ 30. Rf1 Re2 31. R1f2 Bd4 32. Bf4 Rxf2 33. Qxh7+ Kxh7 34. Rh3+ Kg7 35. Bh6+ Kh7 36. Bf8# 1-0

[Event "Early-Titled-Tuesday-Blitz-March-12-2024"]
[Site "Chess.com"]
[Date "2024.03.12"]
[Round "8"]
[White "Iskusnyh"]
[Black "Shuvalov"]
[Result "0-1"]
[WhiteElo "2652"]
[BlackElo "2547"]
[TimeControl "180+1"]
[EndTime "9:25:24 PDT"]
[Termination "Shuvalov won on time"]

1. d4 Nf6 2. c4 g6 3. g3 c5 4.
Bg2 cxd4 5. Nf3 e5 6. O-O Nc6 7. e3 d3 8. Nc3 d5 9. cxd5 Nxd5 10. Nxd5 Qxd5 11. Nd4 e4 12. Nxc6 Qxc6 13. f3 Bf5 14. Bd2 Bg7 15. Rc1 Qd7 16. fxe4 Bg4 17. Qb3 O-O 18. h3 Bxh3 19. Qd5 Qg4 20. Kh2 Bxg2 21.
Kxg2 Rad8 22. Qb3 Qxe4+ 23. Kh2 Rd5 24. Kg1 Rh5 25. Qxf7+ Rxf7 26. Rc8+ Bf8 0-1

[Event "Early-Titled-Tuesday-Blitz-March-12-2024"]
[Site "Chess.com"]
[Date "2024.03.12"]
[Round "8"]
[White "crazy_m_attack"]
[Black "djano"]
[Result "0-1"]
[WhiteElo "2463"]
[BlackElo "2588"]
[TimeControl "180+1"]
[EndTime "9:25:24 PDT"]
[Termination "djano won on time"]

1. e4 c5 2. Nf3 Nc6 3. d4 cxd4 4. Nxd4 g6 5. c4 e5 6. Nb5 d6 7. Be2 Be7 8. Be3 Nf6 9. N1c3 a6 10. Na3 O-O 11. O-O Be6 12. Nc2 Qa5 13. Qd2 b5 14.
cxb5 axb5 15. a3 Bb3 16. Rac1 Rab8 17. Bg5 Bxc2 18. Qxc2 Nd4 19. Qd3 b4 20. axb4 Qd8 21. b5 Nd7 22. Be3 Nc5 23. Qc4 Ncb3 24. Nd5 Nxc1 25.
Rxc1 Nxb5 26. Ra1 Bg5 27. Bxg5 Qxg5 28. Rd1 Nd4 29. Bf1 Rxb2 30. f4 Nf3+ 31. Kh1 Qh4 32. h3 Qg3 0-1

[Event "Early-Titled-Tuesday-Blitz-March-12-2024"]
[Site "Chess.com"]
[Date "2024.03.12"]
[Round "8"]
[White "Kotofeyca"]
[Black "rikchessmx"]
[Result "1-0"]
[WhiteElo "2440"]
[BlackElo "2307"]
[TimeControl "180+1"]
[EndTime "9:25:24 PDT"]
[Termination "Kotofeyca won by checkmate"]

1. d4 Nf6 2. c4 e6 3. Nf3 d5 4. Nc3 c6 5. cxd5 exd5 6. Bg5 Be7 7. Qc2 O-O 8. e3 Re8 9. Bd3 Nbd7 10. O-O g6 11.
Rab1 a5 12. a3 Ne4 13. Bxe7 Qxe7 14. b4 axb4 15. axb4 b5 16. Bxe4 dxe4 17. Nd2 f5 18. d5 Bb7 19. Qb3 cxd5 20. Nxb5 Nf6 21. Nd4 Reb8 22.
Rfc1 Qd6 23. b5 Ra3 24. Qb4 Qxb4 25. Rxb4 Ra2 26. N2b3 Ng4 27. Rc2 Ra3 28. h3 Ne5 29. Rc7 Nd3 30. Nc2 Ra2 31. Rd4 Rb2 32. Nc5 Rxb5 33. Nxd3 exd3 34. Rxd3 d4 35. Nxd4 Rb1+ 36. Kh2 Be4 37. Ra3 Rf1 38. Raa7 Rxf2 39. Rg7+ Kh8 40. Rxh7+ Kg8 41. Rag7+ Kf8 42. Ne6+ Ke8 43. Re7# 1-0

[Event "Early-Titled-Tuesday-Blitz-March-12-2024"]
[Site "Chess.com"]
[Date "2024.03.12"]
[Round "8"]
[White "VojtechPlat"]
[Black "luckyswitchback"]
[Result "0-1"]
[WhiteElo "2860"]
[BlackElo "2698"]
[TimeControl "180+1"]
[EndTime "9:25:25 PDT"]
[Termination "luckyswitchback won by resignation"]

1. e4 c6 2. Nf3 d5 3. d3 Qc7 4.
Nc3 dxe4 5. dxe4 e5 6. a4 Nf6 7. Bc4 Bb4 8. O-O O-O 9. Qe2 Bg4 10. h3 Bh5 11. Bd2 Nbd7 12. Bb3 Nc5 13. Nb5 cxb5 14. Bxb4 Nxb3 15. cxb3 Rfe8 16. Rfc1 Qb6 17. axb5 Bxf3 18. gxf3 Nh5 19. Bd2 Qe6 20. Rc3 Rad8 21. Be3 Qxh3 22. Qf1 Qxf3 23. Qg2 Rd1+ 24. Rxd1 Qxd1+ 25. Kh2 Nf6 26.
f3 a6 27. b6 h5 28. Rc7 Qxb3 29. Qd2 Kh7 30. Rxb7 Rd8 31. Qxd8 Qxe3 32. Qd1 Qf2+ 33. Kh1 h4 34. Rc7 Nh5 0-1

[Event "Early-Titled-Tuesday-Blitz-March-12-2024"]
[Site "Chess.com"]
[Date "2024.03.12"]
[Round "8"]
[White "AttilaTurzo"]
[Black "Statham_01"]
[Result "0-1"]
[WhiteElo "2471"]
[BlackElo "2588"]
[TimeControl "180+1"]
[EndTime "9:25:29 PDT"]
[Termination "Statham_01 won on time"]

1. d4 Nf6 2. Bf4 c5 3. e3 Nc6 4.
c3 cxd4 5. exd4 d5 6. Bd3 g6 7.
Nf3 Bg7 8. O-O O-O 9. Nbd2 Nh5 10. Bg5 f6 11. Bh4 Nf4 12. Bb5 g5 13. Bg3 e5 14.
Nb3 Bg4 15. Qd2 Bxf3 16. gxf3 Qd7 17. Rfe1 Rae8 18. Rad1 Kh8 19. Bf1 Ne7 20. c4 dxc4 21.
Bxc4 Neg6 22. Nc5 Qf5 23. d5 Nh3+ 24. Kg2 Nh4+ 25. Bxh4 Nf4+ 26. Kg1 gxh4 0-1

[Event "Early-Titled-Tuesday-Blitz-March-12-2024"]
[Site "Chess.com"]
[Date "2024.03.12"]
[Round "8"]
[White "Baronessa08"]
[Black "Korchmar_Vasiliy"]
[Result "1-0"]
[WhiteElo "2575"]
[BlackElo "2711"]
[TimeControl "180+1"]
[EndTime "9:25:30 PDT"]
[Termination "Baronessa08 won by resignation"]

1. Nf3 d5 2. g3 g6 3. Bg2 Bg7 4. d4 Nf6 5. c4 c6 6. cxd5 cxd5 7.
Nc3 Ne4 8. O-O O-O 9. Ne5 Nxc3 10. bxc3 Nc6 11. Nxc6 bxc6 12. Qa4 Qb6 13. Ba3 Qa6 14. Qxa6 Bxa6 15. Rfe1 Bf6 16. e4 dxe4 17.
Bxe4 Rac8 18. Bc5 Rc7 19. Rab1 Rd8 20. f4 Kg7 21. Kf2 h5 22. Kf3 Bc4 23. a4 Be6 24. a5 Rh8 25. h4 Rd8 26. a6 Bc8 27. Ra1 Kf8 28. Reb1 Ke8 29. Ke3 e6 30. Rb8 Be7 31. Bb6 axb6 32. a7 Bb7 33. Rxb7 Rxb7 34. Bxc6+ 1-0

[Event "Early-Titled-Tuesday-Blitz-March-12-2024"]
[Site "Chess.com"]
[Date "2024.03.12"]
[Round "8"]
[White "Fandorine"]
[Black "Mops_2004"]
[Result "1-0"]
[WhiteElo "2962"]
[BlackElo "2844"]
[TimeControl "180+1"]
[EndTime "9:25:31 PDT"]
[Termination "Fandorine won by resignation"]

1. d4 g6 2. e4 Bg7 3. Nc3 d6 4. Be3 a6 5. f3 b5 6. Qd2 Nd7 7.
h4 h6 8. O-O-O Bb7 9. Kb1 e6 10. Nge2 Ne7 11. g4 c5 12. Ng3 Nc6 13. d5 Nd4 14.
dxe6 fxe6 15. f4 Qa5 16. h5 g5 17. fxg5 O-O-O 18. gxh6 Be5 19. Nce2 Qxd2 20. Bxd2 Nxe2 21.
Nxe2 Bxe4 22. Rh3 Nf6 23. g5 Ng4 24. Re1 Rdf8 25. Rh4 Bf3 26. Bh3 Nf2 27. Bxe6+ Kc7 28. g6 Ne4 29. Rxe4 Bxe4 30. g7 1-0

[Event "Early-Titled-Tuesday-Blitz-March-12-2024"]
[Site "Chess.com"]
[Date "2024.03.12"]
[Round "8"]
[White "only_strong_moves"]
[Black "kidagent"]
[Result "0-1"]
[WhiteElo "2524"]
[BlackElo "2346"]
[TimeControl "180+1"]
[EndTime "9:25:35 PDT"]
[Termination "kidagent won by resignation"]

1. e4 c6 2. d4 d5 3. Nc3 dxe4 4. Nxe4 Bf5 5. Ng3 Bg6 6. h4 h6 7. h5 Bh7 8. Nf3 Nd7 9. Bd3 Bxd3 10. Qxd3 e6 11. Bd2 Ngf6 12. O-O-O Qc7 13. Rhe1 Bd6 14. Nf5 Bf8 15. Ng3 Be7 16. Ne5 O-O 17. f4 c5 18.
Bc3 Rad8 19. f5 Nxe5 20. Rxe5 Bd6 21. Re3 Bf4 22. fxe6 Nd5 23. Bd2 c4 24. Qe4 Nxe3 25. Bxe3 Bxg3 26. e7 Rde8 27. exf8=Q+ Kxf8 28. Qf3 Rxe3 29. Qf5 Qf4 30. Qc5+ Kg8 31. Kb1 Qc7 32. Qf5 c3 33. d5 Bd6 34. Qf2 Qb6 35. b3 Re5 36. Qf3 Qa5 37. g4 b5 38. g5 Rxg5 39. Rf1 f6 40. Re1 Re5 41. Rg1 Be7 42. Qg4 Bf8 43.
Qe6+ Rxe6 44. dxe6 Qb6 45. Re1 Be7 46. Rd1 b4 47. Rd7 Qg1+ 0-1

[Event "Early-Titled-Tuesday-Blitz-March-12-2024"]
[Site "Chess.com"]
[Date "2024.03.12"]
[Round "8"]
[White "Cryptinz"]
[Black "ChessSwole"]
[Result "0-1"]
[WhiteElo "2510"]
[BlackElo "2709"]
[TimeControl "180+1"]
[EndTime "9:25:40 PDT"]
[Termination "ChessSwole won by resignation"]

1. e4 c5 2. Nf3 e6 3. c3 d5 4. exd5 Qxd5 5. d4 Nf6 6. Na3 Nc6 7. Be3 Ng4 8. Nb5 Nxe3 9. fxe3 Qd8 10. dxc5 Bxc5 11. Qxd8+ Kxd8 12. Rd1+ Ke7 13. Nbd4 Bd7 14. Bb5 Rac8 15. Bxc6 bxc6 16. b4 Bb6 17. Ne5 Be8 18.
Nc4 c5 19. Nxb6 axb6 20. Nb3 Ba4 21. O-O cxb4 22. cxb4 Rc3 23. Nd4 Bxd1 24. Rxd1 Ra8 25. b5 f5 26. Rd2 Rxe3 27. Nc6+ Kf6 28. h3 Rea3 29. Rd6 Rxa2 30. Nd8 Ke7 31. Rxe6+ Kxd8 0-1

[Event "Early-Titled-Tuesday-Blitz-March-12-2024"]
[Site "Chess.com"]
[Date "2024.03.12"]
[Round "8"]
[White "InitiatingASC"]
[Black "sorch29"]
[Result "0-1"]
[WhiteElo "2334"]
[BlackElo "2471"]
[TimeControl "180+1"]
[EndTime "9:25:40 PDT"]
[Termination "sorch29 won on time"]

1. d4 d5 2. c4 e6 3. Nc3 a6 4. cxd5 exd5 5. Qc2 c6 6. Bf4 Bd6 7.
Bg3 Ne7 8. e3 O-O 9. Bd3 g6 10. Nge2 Bf5 11. h4 h5 12. Nf4 a5 13.
O-O-O Bxd3 14. Qxd3 Na6 15. Qe2 Nf5 16. Rh3 Nxg3 17. Rxg3 Bxf4 18. exf4 Qxh4 19. f5 Qf4+ 20. Kb1 Qxf5+ 21. Ka1 Nb4 22. a3 Rfe8 0-1

[Event "Early-Titled-Tuesday-Blitz-March-12-2024"]
[Site "Chess.com"]
[Date "2024.03.12"]
[Round "8"]
[White "Allion2017"]
[Black "UnTucopalaTimba"]
[Result "0-1"]
[WhiteElo "2289"]
[BlackElo "2007"]
[TimeControl "180+1"]
[EndTime "9:25:42 PDT"]
[Termination "UnTucopalaTimba won by resignation"]

1. d4 Nf6 2. c4 e6 3. Nc3 Bb4 4. e3 O-O 5. Bd3 d5 6. Nf3 c5 7. O-O dxc4 8. Bxc4 Nc6 9. a3 Bxc3 10. bxc3 Qc7 11. Qe2 Bd7 12. Bb2 Na5 13. Ba2 b6 14. e4 Bc6 15. Nd2 e5 16. Rac1 Rfe8 17. dxc5 bxc5 18.
f3 Rab8 19. Ba1 Bb5 20. c4 Bc6 21. f4 exf4 22. Bxf6 gxf6 23. Qg4+ Kh8 24. Rxf4 Qe5 25. Nf3 Qe6 26. Qh5 Rg8 27. Bb1 Rg7 28. Rf1 Nxc4 29. Nh4 Qe5 30. Nf5 Rg5 31. Qxf7 Ne3 32. R1f2 Rxb1+ 0-1

[Event "Early-Titled-Tuesday-Blitz-March-12-2024"]
[Site "Chess.com"]
[Date "2024.03.12"]
[Round "8"]
[White "platy3"]
[Black "Flawless_Fighter"]
[Result "1-0"]
[WhiteElo "2960"]
[BlackElo "2849"]
[TimeControl "180+1"]
[EndTime "9:25:45 PDT"]
[Termination "platy3 won on time"]

1. e4 c5 2. Nf3 d6 3. d4 cxd4 4.
Nxd4 Nf6 5. Nc3 a6 6. Bd3 g6 7.
f3 Bg7 8. Be3 Nbd7 9. Qd2 b5 10.
O-O-O Bb7 11. Bh6 Bxh6 12. Qxh6 b4 13. Nd5 Nxd5 14. exd5 Bxd5 15. Qg7 Rf8 16. Rhe1 Qa5 17. Be4 O-O-O 18. Bxd5 Qxd5 19. Ne6 Qxa2 20. Nxf8 Rxf8 21. Rxe7 Rd8 22. Rxd6 Qa1+ 23. Kd2 Qa5 24. h4 Nc5 25. Qd4 b3+ 26. c3 Rxd6 27. Qxd6 1-0

[Event "Early-Titled-Tuesday-Blitz-March-12-2024"]
[Site "Chess.com"]
[Date "2024.03.12"]
[Round "8"]
[White "Viktor_Poddubnyi"]
[Black "Chessmissile07"]
[Result "0-1"]
[WhiteElo "2267"]
[BlackElo "2897"]
[TimeControl "180+1"]
[EndTime "9:25:46 PDT"]
[Termination "Chessmissile07 won by resignation"]

1. e4 a6 2. d4 d5 3. exd5 Qxd5 4. Nc3 Qd6 5. Nf3 Nf6 6. g3 g6 7. Bg2 Bg7 8. O-O O-O 9. Bf4 Qd8 10. Qe2 c6 11. Rfe1 Re8 12. Rad1 Bg4 13. h3 Bxf3 14.
Qxf3 e6 15. Be5 Nbd7 16. Ne4 Nxe4 17. Qxe4 Qa5 18. Bxg7 Kxg7 19. a3 Rad8 20. c4 Nf6 21. Qe5 Qxe5 22. dxe5 Nd7 23. f4 Kf8 24. b4 Ke7 25. Kf2 Nb6 26. Bf1 Rc8 27. Rd6 Red8 28.
Red1 Rxd6 29. exd6+ Kd7 30. c5 Nd5 31. Bc4 Nf6 32.
Kf3 Rb8 33. g4 b5 34. cxb6 Rxb6 35. g5 Nd5 36. h4 Kxd6 37. h5 Rb7 38. Rh1 Ra7 39. hxg6 hxg6 40. Rh7 Ke7 41. Rh8 Nb6 42.
Bb3 a5 43. Rb8 Nd7 44. Rc8 axb4 0-1

[Event "Early-Titled-Tuesday-Blitz-March-12-2024"]
[Site "Chess.com"]
[Date "2024.03.12"]
[Round "8"]
[White "jumpingknight20"]
[Black "stollenmonster"]
[Result "1-0"]
[WhiteElo "2695"]
[BlackElo "2843"]
[TimeControl "180+1"]
[EndTime "9:25:47 PDT"]
[Termination "jumpingknight20 won by resignation"]

1. e4 c5 2. c3 Nf6 3. e5 Nd5 4. d4 cxd4 5. cxd4 Nc6 6. Nf3 g6 7. Bc4 Nb6 8. Bb3 Bg7 9. O-O O-O 10. Re1 d6 11. e6 fxe6 12. Nc3 Rxf3 13. Qxf3 Nxd4 14.
Qd1 Kh8 15. Bh6 Bxh6 16. Qxd4+ e5 17. Qh4 Qf8 18. Ne4 Bd7 19. Ng5 Bxg5 20. Qxg5 Bc6 21. Rad1 Rd8 22. Rxe5 Rd7 23. Re3 Qf6 24. Qxf6+ exf6 25. Re6 Kg7 26. Rdxd6 Rxd6 27. Rxd6 f5 28. h4 Nd7 29. h5 gxh5 30. Be6 Ne5 31. Bxf5 h4 32. Rd4 Kf6 33. Bc8 h3 34. Bxh3 1-0

[Event "Early-Titled-Tuesday-Blitz-March-12-2024"]
[Site "Chess.com"]
[Date "2024.03.12"]
[Round "8"]
[White "WilsonPalencia21"]
[Black "Misterfox120"]
[Result "1-0"]
[WhiteElo "2562"]
[BlackElo "2397"]
[TimeControl "180+1"]
[EndTime "9:25:51 PDT"]
[Termination "WilsonPalencia21 won on time"]

1. d4 d5 2. c4 e6 3. Nf3 a6 4. cxd5 exd5 5. Nc3 c6 6. Bg5 Be7 7. Bxe7 Nxe7 8. Qc2 O-O 9. e3 Bf5 10. Qb3 Qc8 11. h3 Nd7 12. Be2 Nf6 13. Ne5 Ng6 14. Na4 Qc7 15. g4 Be6 16. f4 Nxe5 17. dxe5 Ne4 18.
Bf3 f5 19. Bxe4 fxe4 20. O-O-O Bf7 21. Qb6 Qxb6 22. Nxb6 Rad8 23. f5 g6 24. Rdf1 Be8 25.
e6 Rf6 26. Rhg1 Kg7 27. h4 c5 28. h5 Rd6 29. Nc8 1-0

[Event "Early-Titled-Tuesday-Blitz-March-12-2024"]
[Site "Chess.com"]
[Date "2024.03.12"]
[Round "8"]
[White "Kotlyar_K"]
[Black "JaackCamel"]
[Result "0-1"]
[WhiteElo "2564"]
[BlackElo "2206"]
[TimeControl "180+1"]
[EndTime "9:25:54 PDT"]
[Termination "JaackCamel won on time"]

1. e4 e6 2. d4 d5 3. e5 c5 4.
c3 Nc6 5. Nf3 Qb6 6. a3 Nh6 7.
b4 cxd4 8. cxd4 Nf5 9. Bb2 Bd7 10. g4 Nfe7 11. Bd3 Rc8 12. Nbd2 Na5 13. Nb3 Nc4 14. Qe2 Ng6 15. Bxc4 dxc4 16. Nc5 Bc6 17. Rg1 Nf4 18.
Qe3 Nd5 19. Qg5 a5 20. Bc1 axb4 21. axb4 Qxb4+ 22. Kf1 c3 23. Qh5 Bxc5 24. dxc5 O-O 25. Ng5 Qc4+ 0-1

[Event "Early-Titled-Tuesday-Blitz-March-12-2024"]
[Site "Chess.com"]
[Date "2024.03.12"]
[Round "8"]
[White "FairChess_on_YouTube"]
[Black "Semen_Khanin"]
[Result "1-0"]
[WhiteElo "3114"]
[BlackElo "2898"]
[TimeControl "180+1"]
[EndTime "9:25:57 PDT"]
[Termination "FairChess_on_YouTube won on time"]

1. e4 e5 2. Nf3 Nc6 3. d4 exd4 4. Nxd4 Nf6 5. Nc3 Bb4 6. Nxc6 bxc6 7. Bd3 d5 8. Bd2 O-O 9. O-O Rb8 10. Re1 Re8 11. exd5 Rxe1+ 12. Qxe1 cxd5 13. a3 Bd6 14. Nb5 Be6 15. b4 c5 16. Nxd6 Qxd6 17. bxc5 Qxc5 18. Bf4 Rc8 19. h3 h6 20. Qb4 Ne4 21. Be3 Qc7 22.
Qd4 Nc5 23. Bf1 a5 24. Rb1 Ne4 25. Bd3 Qe7 26. c4 Nf6 27. c5 Qd7 28. Bb5 Qe7 29.
a4 Bf5 30. Rc1 Be4 31. c6 Ne8 32. Ba6 Rc7 33. Bf4 Nd6 34. Qe5 1-0

[Event "Early-Titled-Tuesday-Blitz-March-12-2024"]
[Site "Chess.com"]
[Date "2024.03.12"]
[Round "8"]
[White "RebelJohnny"]
[Black "Yan_Dyomin2010"]
[Result "0-1"]
[WhiteElo "2534"]
[BlackElo "2723"]
[TimeControl "180+1"]
[EndTime "9:26:01 PDT"]
[Termination "Yan_Dyomin2010 won on time"]

1. e4 c5 2. Nf3 Nc6 3. d4 cxd4 4.
Nxd4 g6 5. Nc3 Bg7 6. Be3 Nf6 7.
Bc4 O-O 8. Bb3 d6 9. f3 Nxd4 10. Bxd4 Be6 11. Qd2 Qa5 12. O-O-O Rac8 13. Kb1 Bxb3 14.
cxb3 Rfd8 15. Bxf6 Bxf6 16. Nd5 Qxd2 17. Nxf6+ Kg7 18. Nh5+ Kh6 19. Rxd2 Kxh5 20. Rhd1 Rc5 21. b4 Rb5 22. Rd4 Kh6 23. g4 Kg7 24. a4 Rb6 25.
b5 a6 26. Rb4 Ra8 27. b3 axb5 28. Rd5 Ra5 29. Kb2 Kf6 30. Kc3 Ke6 31. Kd4 Kd7 32.
e5 e6 33. Rdxb5 Rbxb5 34. Rxb5 Rxb5 35. axb5 g5 36. b4 h6 0-1

[Event "Early-Titled-Tuesday-Blitz-March-12-2024"]
[Site "Chess.com"]
[Date "2024.03.12"]
[Round "8"]
[White "NikitaShnadrygin"]
[Black "StankovicIvan"]
[Result "0-1"]
[WhiteElo "2660"]
[BlackElo "2549"]
[TimeControl "180+1"]
[EndTime "9:26:06 PDT"]
[Termination "StankovicIvan won by resignation"]

1. e4 c5 2. Nf3 Nc6 3. d4 cxd4 4. Nxd4 g6 5. Nc3 Bg7 6. Be3 Nf6 7. Nxc6 bxc6 8. e5 Ng8 9. f4 Nh6 10. Qd2 d6 11.
O-O-O O-O 12. h3 Nf5 13. Bf2 c5 14. g4 Nd4 15. Bg2 Rb8 16. Bxd4 cxd4 17. Qxd4 Qa5 18. Rhe1 dxe5 19. fxe5 Be6 20. g5 Rfd8 21. Qe3 Rxd1+ 22. Rxd1 Bxe5 23. Rf1 Bxc3 24. Qxc3 Qxa2 25. b3 Bxb3 26. cxb3 Qxg2 27. Re1 Qxg5+ 0-1

[Event "Early-Titled-Tuesday-Blitz-March-12-2024"]
[Site "Chess.com"]
[Date "2024.03.12"]
[Round "8"]
[White "Actuary44"]
[Black "awesomevishesh"]
[Result "0-1"]
[WhiteElo "2523"]
[BlackElo "2638"]
[TimeControl "180+1"]
[EndTime "9:26:08 PDT"]
[Termination "awesomevishesh won by resignation"]

1. e4 g6 2. d4 Bg7 3. Nc3 d6 4.
Bg5 h6 5. Bh4 a6 6. Qd2 b5 7.
O-O-O Nd7 8. f4 c6 9. e5 d5 10. e6 fxe6 11. Bd3 Nf8 12. Nf3 Bd7 13. Ne5 Qb6 14.
Ne2 Nf6 15. g4 c5 16. dxc5 Qxc5 17. g5 hxg5 18. fxg5 Rxh4 19. gxf6 exf6 20. Nxg6 Nxg6 21. Bxg6+ Ke7 22. Kb1 Bh6 23. Qd3 Qe3 24. Qxe3 Bxe3 25. Ng3 f5 26. Bxf5 exf5 27. Rxd5 f4 28. Rhd1 Be6 29.
Nf5+ Bxf5 30. Rxf5 Rxh2 31. Re1 Rf8 0-1

[Event "Early-Titled-Tuesday-Blitz-March-12-2024"]
[Site "Chess.com"]
[Date "2024.03.12"]
[Round "8"]
[White "Felix-Rose"]
[Black "DIMONBANAN"]
[Result "0-1"]
[WhiteElo "2266"]
[BlackElo "2532"]
[TimeControl "180+1"]
[EndTime "9:26:09 PDT"]
[Termination "DIMONBANAN won by resignation"]

1. d4 d5 2. Nc3 a6 3. e4 dxe4 4. Nxe4 Nf6 5. Nxf6+ exf6 6. Nf3 Bd6 7. Bd3 O-O 8. O-O Bg4 9. c3 c6 10. h3 Bh5 11.
Bd2 Nd7 12. Be2 Re8 13. Re1 Qb6 14. b3 Rad8 15. Nh2 Bg6 16. Bf3 c5 17. Rxe8+ Rxe8 18. Be3 Qc7 19. Nf1 cxd4 20. Qxd4 Be5 21. Qd5 b5 22. Rc1 Nf8 23. c4 Qa5 24. cxb5 axb5 25. a4 Rb8 26. Be2 Qb4 27. Bxb5 Ne6 28. Rc4 Qa3 29. Qd6 Qxd6 30. a5 Rxb5 31. Rc8+ Nf8 32. a6 Qxa6 33. Re8 Rb8 34. Rxe5 fxe5 0-1

[Event "Early-Titled-Tuesday-Blitz-March-12-2024"]
[Site "Chess.com"]
[Date "2024.03.12"]
[Round "8"]
[White "Boorchess"]
[Black "rhwr"]
[Result "1-0"]
[WhiteElo "2538"]
[BlackElo "2309"]
[TimeControl "180+1"]
[EndTime "9:26:12 PDT"]
[Termination "Boorchess won on time"]

1. d4 c5 2. d5 e6 3. c4 exd5 4.
cxd5 d6 5. Nc3 Nf6 6. e4 g6 7.
Bd3 Bg7 8. Nge2 O-O 9. h3 Nbd7 10. O-O a6 11. a4 b6 12. f4 Re8 13. Ng3 Qc7 14. Bc4 Bb7 15. Kh1 Re7 16. Qf3 Rae8 17. Bd2 Qb8 18. Rae1 Kh8 19. Re2 Ng8 20. Rfe1 Bc8 21.
Qd3 Qa7 22. b3 Ngf6 23. Bc1 Kg8 24. Bb2 h5 25. e5 dxe5 26. d6 e4 27. Ncxe4 Nxe4 28. Nxe4 Rxe4 29. Bxg7 Rxe2 30. Rxe2 Rxe2 31. Qxe2 Kxg7 32.
Qe7 Kh6 33. Qxf7 b5 34. Be6 Qb7 35. f5 gxf5 36. Qxf5 1-0

[Event "Early-Titled-Tuesday-Blitz-March-12-2024"]
[Site "Chess.com"]
[Date "2024.03.12"]
[Round "8"]
[White "ajedrezsinlimites"]
[Black "CSB7"]
[Result "1-0"]
[WhiteElo "2561"]
[BlackElo "2774"]
[TimeControl "180+1"]
[EndTime "9:26:14 PDT"]
[Termination "ajedrezsinlimites won by resignation"]

1. e4 e6 2. d4 d5 3. exd5 exd5 4.
Bd3 c5 5. Nf3 c4 6. Be2 Nf6 7.
O-O Nc6 8. b3 cxb3 9. cxb3 Bd6 10. Nc3 h6 11. Nb5 O-O 12. Nxd6 Qxd6 13. Re1 Bg4 14.
h3 Bh5 15. Ne5 Bxe2 16. Rxe2 Rfe8 17. Bf4 Qb4 18. Nxc6 bxc6 19. Rc2 Re6 20. Rac1 Rae8 21. Be3 Qb7 22. Qd3 Ne4 23. Bf4 Qd7 24. Kh2 Rf6 25.
Be3 Ree6 26. Kg1 Rg6 27. f3 Ng3 28. Bf4 Nh5 29. Be5 Re8 30. Kh2 Ree6 31. f4 Re8 32. f5 Rg5 33. Rxc6 Rxf5 34. Rd6 Qxd6 35. Bxd6 Rf2 36. Rf1 Rxa2 37. Qf5 Nf6 38. Be5 Re6 39. Bxf6 Rxf6 40. Qc8+ Kh7 41. Rxf6 gxf6 42. Qf5+ Kg7 43.
Qxd5 Rd2 44. Qe4 1-0

[Event "Early-Titled-Tuesday-Blitz-March-12-2024"]
[Site "Chess.com"]
[Date "2024.03.12"]
[Round "8"]
[White "MikeSailer"]
[Black "KhazhatulyAlikhan"]
[Result "0-1"]
[WhiteElo "2143"]
[BlackElo "2450"]
[TimeControl "180+1"]
[EndTime "9:26:14 PDT"]
[Termination "KhazhatulyAlikhan won by resignation"]

1. d4 d5 2. Nf3 Nf6 3. Bf4 e6 4. e3 c5 5. Nc3 Be7 6. Bb5+ Bd7 7. O-O O-O 8. a4 a6 9. Bxd7 Nbxd7 10. Ne5 Nxe5 11.
Bxe5 Bd6 12. f4 Rc8 13. f5 Bxe5 14. dxe5 Nd7 15. f6 Nxe5 16. fxg7 Kxg7 17. Qh5 Ng6 18. Rf3 Qh4 19. Qxh4 Nxh4 20. Rg3+ Ng6 21.
Rf1 f5 22. Ne2 Kf6 23. Nf4 Nxf4 24. exf4 Rc6 25. Rb3 b6 26. Rff3 c4 27. Rbe3 d4 28.
Re5 Rc5 29. Rxc5 bxc5 30. Kf1 Rb8 31. b3 d3 32. Ke1 dxc2 0-1

[Event "Early-Titled-Tuesday-Blitz-March-12-2024"]
[Site "Chess.com"]
[Date "2024.03.12"]
[Round "8"]
[White "Louis-Paulsen-Fan"]
[Black "Valio_M1948"]
[Result "1-0"]
[WhiteElo "2273"]
[BlackElo "2392"]
[TimeControl "180+1"]
[EndTime "9:26:17 PDT"]
[Termination "Louis-Paulsen-Fan won by resignation"]

1. d4 b6 2. Nf3 Bb7 3. c4 g6 4. Nc3 f5 5. d5 Bg7 6. e4 fxe4 7.
Nxe4 Nf6 8. Bd3 O-O 9. O-O Na6 10. Re1 Nxe4 11. Bxe4 Nc5 12. Bc2 a5 13. Rb1 e6 14.
Bg5 Qe8 15. Qd2 Qf7 16. Ne5 Bxe5 17. Rxe5 d6 18. Re2 Rae8 19. Bh6 exd5 20. Bxf8 Rxf8 21. cxd5 Bxd5 22. Rbe1 Bxa2 23. Re7 Qf6 24. Rxc7 Qxb2 25. Rxh7 Bb3 26. Bxb3+ Qxb3 27. Qxd6 Qc3 28. Qxg6+ 1-0